 Dungeon Crawl Stone Soup version 0.30-a0-696-g2367cd04db (webtiles) character file.

Game seed: 5646436119912418187

22 omnomnOMINOUS the Charlatan (level 2, 0/19 HPs)
             Began as an Octopode Wanderer on Jan 20, 2023.
             Was a Follower of Vehumet.
             Slain by a jackal (1 damage)
             ... on level 1 of the Dungeon.
             The game lasted 00:02:03 (441 turns).

omnomnOMINOUS the Charlatan (Octopode Wanderer)      Turns: 441, Time: 00:02:03

Health: 0/19       AC:  1    Str: 10    XL:     2   Next: 91%
Magic:  4/4        EV: 12    Int: 15    God:    Vehumet [*.....]
Gold:   37         SH:  0    Dex: 11    Spells: 3/4 levels left

rFire   . . .      SeeInvis .    a - +0 spear
rCold   . . .      Faith    .    (no shield)
rNeg    + . .      Spirit   .    (helmet restricted)
rPois   .          Reflect  .    (no amulet)
rElec   .          Harm     .    h - ring of positive energy
rCorr   .          Rampage  .    (no ring)
Will    .....                    (no ring)
Stlth   +++                      (no ring)
HPRegen 0.23/turn                (no ring)
MPRegen 0.09/turn                (no ring)
                                 (no ring)
                                 (no ring)

@: no status effects
A: almost no armour, amphibious, 8 rings, camouflage 1, gelatinous body 1,
(nimble swimmer 1), tentacles
a: Renounce Religion


You were on level 1 of the Dungeon.
You worshipped Vehumet.
Vehumet was aware of your devotion.
You visited 1 branch of the dungeon, and saw 1 of its levels.

You collected 37 gold pieces.

Inventory:

Hand Weapons
 a - a +0 spear (weapon)
Missiles
 b - 6 boomerangs (quivered)
Jewellery
 h - a ring of positive energy (left tentacle)
Wands
 c - a wand of charming (8)
Scrolls
 f - 5 scrolls of identify {unknown}
 i - a scroll of fear {unknown}
 j - a scroll of poison {unknown}
Potions
 d - 2 potions of heal wounds
 e - 2 potions of lignification {unknown}
 g - a potion of curing {unknown}


   Skills:
 + Level 1.6 Fighting
 - Level 3.0 Throwing
 + Level 1.2 Dodging
 - Level 1.3 Stealth
 + Level 1.6 Spellcasting
 - Level 1.0 Translocations
 - Level 3.2 Evocations


You had 3 spell levels left.
You knew the following spells:

 Your Spells              Type           Power      Damage    Failure   Level
a - Apportation           Tloc           8%         N/A       16%         1

Your spell library contained the following spells:

 Spells                   Type           Power      Damage    Failure   Level
 Kiss of Death            Conj/Necr      4%         2d5       24%         1
 Vhi's Electric Charge    Tloc/Air       4%         N/A       50%         3
 Arcjolt                  Conj/Air       0%         1d10      100%        5
 Maxwell's Capacitive Co  Air            0%         ∞         100%        8


Dungeon Overview and Level Annotations

Branches:
Dungeon (1/15)

Altars:
Vehumet

Shops:
D:1 (*((


Innate Abilities, Weirdness & Mutations

You cannot wear most types of armour.
You are amphibious.
You can wear up to eight rings at the same time.
Your skin changes colour to match your surroundings (Stealth+).
Your rubbery body absorbs attacks. (AC +1, EV +1)
((You are camouflaged when in or above water. (Stealth+)))
You have tentacles for arms and can constrict up to eight enemies at once.


Message History

You are too injured to fight recklessly!
You are too injured to fight recklessly!
You are too injured to fight recklessly!
You are too injured to fight recklessly!
You are too injured to fight recklessly!
You are too injured to fight recklessly!
You hit the jackal. Your grab misses the jackal.
The jackal is lightly wounded.
You constrict the jackal.
You kill the jackal!
Vehumet accepts your kill. The jackal bites you.
You closely miss the jackal. Your grab misses the jackal.
The jackal is lightly wounded.
The jackal bites you.
* * * LOW HITPOINT WARNING * * *
The jackal bites you but does no damage.
The jackal bites you.
* * * LOW HITPOINT WARNING * * *
The jackal bites you but does no damage.
Unknown command.
Aiming: Charm
Press: ? - help, Shift-Dir - straight line, f - jackal
Aim: a jackal (lightly wounded, chance to affect: 73%)
The jackal struggles to resist.
The jackal misses you. The jackal barely misses you.
Aiming: Charm
Press: ? - help, Shift-Dir - straight line, f/p - jackal
Aim: a jackal (lightly wounded, chance to affect: 73%)
The jackal struggles to resist.
The jackal bites you.
* * * LOW HITPOINT WARNING * * *
The jackal bites you.
* * * LOW HITPOINT WARNING * * *
Aiming: Charm
Press: ? - help, Shift-Dir - straight line, f/p - jackal
Aim: a jackal (lightly wounded, chance to affect: 73%)
The jackal struggles to resist.
The jackal bites you.
* * * LOW HITPOINT WARNING * * *
The jackal bites you.
You die...

##.###..###.....###....#
#........#.....#...#....
#..###.........#.<.#....
#..###....###.........##
#........#..#..#...#..#.
#..###......#..#...#..#.
# #......# ##.##..#.
#...#.#... #.#....#
##@h...... .#......
#h##....... ..###. #r#
###.#.. #.# #.# # ..#
#.. ...## ... ...(. ...
..... .... ... . .


You could see 2 jackals and a rat.

Vanquished Creatures
  An endoplasm (D:1)
  A giant cockroach (D:1)
  4 goblins (D:1)
  3 hobgoblins (D:1)
  2 jackals (D:1)
  A kobold (D:1)
  2 quokkas (D:1)
  3 ball pythons (D:1)
  A frilled lizard (D:1)
  A rat (D:1)
19 creatures vanquished.

Notes
Turn   | Place    | Note
-------+----------+-------------------------------------------
     0 | D:1      | omnomnOMINOUS the Octopode Wanderer began the quest for the
                  | Orb.
     0 | D:1      | omnomnOMINOUS set off with the following items: a +0
                  | dagger, 6 boomerangs, a wand of charming (11), a potion of
                  | heal wounds; and the following spell memorised:
                  | Apportation; and the following spells available to
                  | memorise: Vhi's Electric Charge.
     0 | D:1      | Reached XP level 1. HP: 13/13 MP: 2/2
    42 | D:1      | Found a faded altar of an unknown god.
    54 | D:1      | Prayed at the altar of an unknown god.
    54 | D:1      | Became a worshipper of Vehumet
    54 | D:1      | Reached * piety under Vehumet
    54 | D:1      | Offered knowledge of Kiss of Death by Vehumet.
    79 | D:1      | Reached XP level 2. HP: 15/18 MP: 3/3
   170 | D:1      | Reached skill level 1 in Dodging
   216 | D:1      | Found Quprasel's Antique Weapon Shop.
   271 | D:1      | Found Xiesm's Weapon Shoppe.
   285 | D:1      | Found Bogeoqu's Assorted Antiques.
   374 | D:1      | Found Anehoerch's Antique Weapon Emporium.
   441 | D:1      | Slain by a jackal

Illustrated notes

Levels and vault maps discovered:
D:1:      erik_arrival_blinker_ship, layout_loops_ring, serial_shops,
          nicolae_shop_bloodbath_and_beyond, nicolae_lakefront_shop, shop,
          nicolae_shop_crystal, ebering_ecumenical_altar_mist

Skill      XL: |  1  2 |
---------------+-------+-----
Dodging        | 1 |  1.2
Fighting       | |  1.6
Throwing       | |  3.0
Stealth        | |  1.3
Spellcasting   | |  1.6
Translocations | |  1.0
Evocations     | |  3.2

Action                   || total
-------------------------++-------
Melee: Dagger            ||     8
       Tentacles         ||     8
       Constrict         ||    10
       Spear             ||    39
Evoke: Wand              ||     3
 Stab: Sleeping          ||     5
Armor: Skin              ||     5
Dodge: Dodged            ||    20

Table legend: (Time is in decaauts)
 A = Elapsed time spent in this place.
 B = Non-inter-level travel time spent in this place.
 C = Inter-level travel time spent in this place.
 D = Time resting spent in this place.
 E = Time spent auto-exploring this place.
 F = Levels seen in this place.
 G = Mean time per level.
                   A        B        C        D        E       F      G
               +--------+--------+--------+--------+--------+-----+--------+
         Total |    443 |    443 |      0 |      0 |    305 |   1 |  443.0 |
       Dungeon |    443 |    443 |      0 |      0 |    305 |   1 |  443.0 |
               +--------+--------+--------+--------+--------+-----+--------+

Top non-repeatable levels by time:
     D:1: 443 daAuts
